 Dungeon Crawl Stone Soup version 0.30-b1-2-g02819fbbbe (webtiles) character file.

Game seed: 15419768016950878469

1005 Arcadio the Shooter (level 8, -4/60 (64) HPs)
             Began as a Formicid Hunter on Aug 14, 2023.
             Was a Believer of Fedhas.
             Slain by a wight
             ... wielding a +4 flail of freezing
              (7 damage)
             ... on level 7 of the Dungeon.
             The game lasted 00:18:07 (4572 turns).

Arcadio the Shooter (Formicid Hunter)               Turns: 4572, Time: 00:18:07

HP:   -4/60 (64)    AC:  6    Str: 22    XL:     8   Next: 44%
MP:   0/8           EV: 16    Int:  9    God:    Fedhas [**....]
Gold: 239           SH:  0    Dex: 19    Spells: 7/7 levels left

rFire   . . .        b - +2 flail (holy)
rCold   . . .        (no shield)
rNeg    . . .        m - +0 ring mail
rPois   .            (helmet unavailable)
rElec   .            (no cloak)
rCorr   .            (no gloves)
SInv    +            (no boots)
Will    .....        n - amulet of guardian spirit
Stlth   +            i - +5 ring of evasion
HPRegen 0.30/turn    g - +6 ring of strength
MPRegen 0.11/turn

%: guardian spirit
@: drained
A: permanent stasis, dig shafts and tunnels, antennae 3, four strong arms
a: Dig, Shaft Self, Renounce Religion, Wall of Briars


You were on level 7 of the Dungeon.
You worshipped Fedhas.
Fedhas was pleased with you.
You visited 2 branches of the dungeon, and saw 7 of its levels.

You collected 239 gold pieces.

Inventory:

Hand Weapons
 a - a +3 shortbow
 b - a +2 flail of holy wrath (weapon)
 u - a +0 shortbow
 x - a +2 heavy falchion
 z - a +0 whip
Armour
 c - a +0 leather armour
 m - a +0 ring mail (worn)
 y - a +0 scale mail
Jewellery
 g - a +6 ring of strength (right hand)
 i - a +5 ring of evasion (left hand)
 l - a ring of resist corrosion
 n - an amulet of guardian spirit (around neck)
Wands
 t - a wand of mindburst (18)
 w - a wand of charming (7)
Scrolls
 e - 4 scrolls of immolation
 f - a scroll of enchant weapon {unknown}
 h - 2 scrolls of magic mapping {unknown}
 j - 2 scrolls of fear
 k - 2 scrolls of teleportation
 o - a scroll of poison {unknown}
 p - 3 scrolls of enchant armour
 v - a scroll of acquirement {unknown}
Potions
 d - a potion of attraction
 q - a potion of flight
 s - a potion of resistance


   Skills:
 + Level 6.1 Fighting
 + Level 6.7 Ranged Weapons
 + Level 5.6 Armour
 - Level 1.7 Dodging
 - Level 1.2 Stealth


You had 7 spell levels left.
You didn't know any spells.
Your spell library contained the following spells:

 Spells                   Type           Power      Damage    Failure   Level
 Scorch                   Fire           0%         2d5       67%         2
 Ozocubu's Armour         Ice            0%         N/A       88%         3
 Summon Guardian Golem    Hex/Summ       0%         N/A       88%         3
 Flame Wave               Conj/Fire      0%         2d4       99%         4
 Passage of Golubria      Tloc           0%         N/A       99%         4
 Silence                  Hex/Air        0%         N/A       100%        5
 Summon Cactus Giant      Summ           0%         N/A       100%        6
 Orb of Destruction       Conj           0%         9d5       100%        7
 Ozocubu's Refrigeration  Ice            0%         4d7       100%        7
 Spellforged Servitor     Conj/Summ      0%         N/A       100%        7
 Lehudib's Crystal Spear  Conj/Erth      0%         10d2      100%        8


Dungeon Overview and Level Annotations

Branches:
Dungeon (7/15) Zot: 26835  Temple (1/1) D:5 Zot: 5721

Altars:
Cheibriados
Elyvilon
Fedhas
Gozag
Hepliaklqana
Kikubaaqudgha
Makhleb
Nemelex Xobeh
Qazlal
Ru
Sif Muna
Trog
Uskayaw
Vehumet
Xom
Yredelemnul
The Shining One

Shops:
D:1 *   D:2 :

Annotations:
D:2 Crazy Yiuf
D:4 Pikel
D:5 Blork the orc


Innate Abilities, Weirdness & Mutations

You cannot be hasted, slowed, berserked, paralysed or teleported.
You can dig through walls and to a lower floor.
You have a pair of large antennae on your head. (SInv)
Your four strong arms can wield two-handed weapons with a shield.


Message History

You destroy the wight!
Fedhas accepts your kill. The wight misses you.
Things that are here:
a +7 war axe; a +0 robe You closely miss the wight.
The wight hits you with a +4 flail of freezing!
The wight freezes you.
The wight hits you with a +4 flail of freezing.
You feel drained. The wight freezes you. The wight barely misses you.
You hit the wight.
The wight convulses.
The wight is lightly damaged.
The wight closely misses you.
The wight hits you with a +4 flail of freezing.
The wight freezes you. The wight attacks as you move away!
The wight completely misses you.
You hit the wight but do no damage. The wight hits you with a +0 hand axe.
You sock the wight!
The wight convulses.
The wight is heavily damaged.
The wight hits you with a +0 hand axe!
You closely miss the wight.
The wight is lightly damaged.
The wight misses you.
You barely miss the wight.
The wight is lightly damaged.
The wight hits you with a +4 flail of freezing.
The wight freezes you.
The wight hits you with a +4 flail of freezing!
You feel drained.
* * * LOW HITPOINT WARNING * * *
The wight freezes you.
* * * LOW HITPOINT WARNING * * *
Okay, then.
Okay, then.
Okay, then.
Okay, then.
Are you sure you want to shaft yourself?
The wight hits you with a +4 flail of freezing!
You die...
Fedhas appreciates your contribution to the ecosystem.

######
#############.....
#.......##....#####
#.#...............#
#.#..##.##....###.#
.#####.#...#.#####.###.#
..............#
#.##..###
#.#####.#...#.#
#........ #.##@##.#
####.#### #.##z##.# #.#
#...z...# #.# ####'####
#.# ... #.# ..... ###.#
....... ##.#.#
...$.....####....####
+.........+...........


You could see 2 wights.

Vanquished Creatures
  A water moccasin (D:6)
  2 ice beasts (D:6)
  2 centaurs
  2 lemures (Temple)
  A phantom (D:6)
  2 bullfrogs
  A scorpion (D:6)
  A wight (D:7)
  2 hounds
  A jelly (D:6)
  3 iguanas
  4 adders
  A white imp (D:6)
  A dart slug (D:1)
  4 orcs (D:6)
  2 ball pythons (D:1)
  3 endoplasms
  3 giant cockroaches (D:1)
  8 goblins
  2 hobgoblins (D:1)
  5 jackals
  5 kobolds
  3 quokkas
  4 bats
  3 frilled lizards
  A rat (D:1)
67 creatures vanquished.

Vanquished Creatures (others)
  A sleepcap (D:6)
  11 fungi (D:4)
12 creatures vanquished.

Grand Total: 79 creatures vanquished

Notes
Turn   | Place    | Note
-------+----------+-------------------------------------------
     0 | D:1      | Arcadio the Formicid Hunter began the quest for the Orb.
     0 | D:1      | Reached XP level 1. HP: 16/16 MP: 1/1
   159 | D:1      | Found Hoffy's Assorted Antiques.
   166 | D:1      | Reached XP level 2. HP: 23/23 MP: 2/2
   187 | D:1      | Reached skill level 1 in Armour
   468 | D:1      | Reached XP level 3. HP: 28/28 MP: 3/3
   895 | D:2      | Found a faded altar of an unknown god.
   990 | D:2      | Prayed at the altar of an unknown god.
   990 | D:2      | Became a worshipper of Fedhas Madash
   990 | D:2      | Reached * piety under Fedhas
  1036 | D:2      | Found Mimnoq's Book Shoppe.
  1060 | D:2      | Reached XP level 4. HP: 35/35 MP: 4/4
  1227 | D:2      | Found a runed translucent door.
  1231 | D:2      | Noticed Crazy Yiuf
  1362 | D:2      | You fall into a shaft and drop 2 floors!
  1850 | D:4      | Found a radiant altar of Vehumet.
  1898 | D:4      | Reached XP level 5. HP: 41/41 MP: 5/5
  2231 | D:4      | Noticed a lemure
  2231 | D:4      | Noticed a lemure
  2231 | D:4      | Noticed a lemure
  2231 | D:4      | Noticed a lemure
  2242 | D:5      | Entered Level 5 of the Dungeon
  2242 | D:5      | Found a staircase to the Ecumenical Temple.
  2249 | Temple   | Entered the Ecumenical Temple
  2283 | Temple   | Killed a lemure
  2435 | Temple   | Killed a lemure
  2578 | D:5      | Noticed a centaur
  2599 | D:5      | Killed a centaur
  2600 | D:5      | Reached skill level 5 in Ranged Weapons
  2600 | D:5      | Reached XP level 6. HP: 42/48 MP: 4/6
  2795 | D:5      | Noticed a yak
  2797 | D:5      | Noticed a yak
  2968 | D:4      | Noticed Pikel
  3001 | D:5      | Noticed Blork the orc
  3008 | D:5      | You fall into a shaft and drop 1 floor!
  3510 | D:6      | Noticed an ice beast
  3514 | D:6      | Reached XP level 7. HP: 49/55 MP: 5/7
  3524 | D:6      | Reached ** piety under Fedhas
  3676 | D:6      | Reached skill level 5 in Fighting
  3931 | D:6      | Found a glowing golden altar of the Shining One.
  3937 | D:6      | Noticed a water moccasin
  3954 | D:6      | Killed a water moccasin
  3955 | D:6      | Reached skill level 5 in Armour
  3955 | D:6      | Reached XP level 8. HP: 34/64 MP: 6/8
  4571 | D:7      | HP: 2/60 [wight/+4 flail of freezing (3)]
  4572 | D:7      | Slain by a wight

Illustrated notes

Levels and vault maps discovered:
D:1:      nzn_arrival_water_spiral, layout_basic, serial_shops,
          nicolae_square_shop, minmay_misc_feat_five
D:2:      layout_rooms, serial_shops, shop,
          shapermc_ecumenical_altar_flowoftime, uniq_crazy_yiuf_cottage
D:4:      minmay_chambers_of_threes, layout_basic, amcnicky_altar_gilded,
          serial_aquarium, aquarium_bridge_square [aquarium_subvault_bridge,
          aquarium_subvault_wall, aquarium_subvault_window,
          aquarium_subvault_bridge], aquarium_window_corridor_3,
          aquarium_window_corner, aquarium_window_fake, aquarium_view_2f,
          aquarium_balcony_double_1, uniq_pikel
D:5:      layout_layer_cave, zin_treasury, minmay_temple_entry_mist,
          uniq_menkaure, uniq_blork_the_orc
D:6:      layout_loops_ring, mainiacjoe_overflow_small_starburst
D:7:      layout_loops_corners, nicolae_wu_jian_wuxing_cycle
Temple:   minmay_freezing_vapour_temple

Skill      XL: |  1  2  3  4  5  6  7  8 |
---------------+-------------------------+-----
Armour         | 1 2 3 4 5 |  5.6
Fighting       | 3 4 5 6 |  6.1
Ranged Weapons | 5 6 |  6.7
Dodging        | |  1.7
Stealth        | |  1.2

Action                     |  1- 3 |  4- 6 |  7- 9 || total
---------------------------+-------+-------+-------++-------
  Melee: Whip              |    27 |   113 |       ||   140
         Flail             |       |     8 |    51 ||    59
         Punch             |       |     1 |       ||     1
   Fire: Shortbow          |    53 |    43 |    23 ||   119
Ability: Shaft Self        |       |     2 |     1 ||     3
  Evoke: Wand              |       |     5 |       ||     5
    Use: Scroll            |     1 |     5 |     2 ||     8
 Armour: Leather armour    |    12 |       |       ||    12
         Ring mail         |       |    25 |    14 ||    39
  Dodge: Dodged            |    43 |   108 |    59 ||   210
